cohdb
Replays
Latest Replays
All Replays
Popular Replays
Top Player Replays
Match Explorer
How It Works
Community
CoH3 Stats
Reddit
Sign in to upload your games and track your stats! →
Sign in with Steam
Match 32322395
Unlisted
Match 32322395
Overview
Messages
Build Orders
End
Kettenkrad Recon Vehicle
Construct Infanterie Kompanie
Selects Breakthrough Battlegroup
Selects Assault Grenadiers
Grenadier Squad
Grenadier Squad
Grenadier Squad
Grenadier Squad
Grenadier Squad
Infanterie Officer Quarters
Construct Panzergrenadier Kompanie
Panzergrenadier Squad
Panzergrenadier Officer Quarters
Selects Smoke Bombing Run
Selects Mechanized Assault Group
Mechanized Assault Group
Construct Panzer Kompanie
MaXiS
ironicusername17
0
0
Comments
sign in to comment!
No comments posted yet!